 Dungeon Crawl Stone Soup version 0.30-a0-377-g5cb311bc9f (webtiles) character file.

Game seed: 15118642815771594316

4 Lobster4 the Caller (level 1, -1/10 HPs)
             Began as a Tengu Summoner on Nov 27, 2022.
             Slain by a jackal (2 damage)
             ... on level 1 of the Dungeon.
             The game lasted 00:01:23 (130 turns).

Lobster4 the Caller (Tengu Summoner)                 Turns: 130, Time: 00:01:24

Health: -1/10      AC:  2    Str:  8    XL:     1   Next: 70%
Magic:  3/4        EV: 12    Int: 15    God:
Gold:   0          SH:  0    Dex: 14    Spells: 3/4 levels left

rFire   . . .      SeeInvis .    (no weapon)
rCold   . . .      Faith    .    (no shield)
rNeg    . . .      Spirit   .    a - +0 robe
rPois   .          Reflect  .    (helmet restricted)
rElec   .          Harm     .    (no cloak)
rCorr   .          Rampage  .    (no gloves)
Will    .....                    (boots unavailable)
Stlth   ++........               (no amulet)
HPRegen 0.21/turn                (no ring)
MPRegen 0.09/turn                (no ring)

@: no status effects
A: beak, talons 3
a: no special abilities


You were on level 1 of the Dungeon.
You visited 1 branch of the dungeon, and saw 1 of its levels.

Inventory:

Armour
 a - a +0 robe (worn)
Scrolls
 c - a scroll of vulnerability {unknown}
Potions
 b - a potion of magic


   Skills:
 + Level 0.2 Fighting
 + Level 0.2 Armour
 * Level 2.3 Dodging
 + Level 2.0 Stealth
 + Level 2.0 Spellcasting
 + Level 4.8 Summonings


You had 3 spell levels left.
You knew the following spells:

 Your Spells              Type           Power      Damage    Failure   Level
a - Summon Small Mammal   Summ           64%        N/A       3%          1

Your spell library contained the following spells:

 Spells                   Type           Power      Damage    Failure   Level
 Call Imp                 Summ           16%        N/A       4%          2
 Call Canine Familiar     Summ           16%        N/A       9%          3
 Summon Guardian Golem    Hex/Summ       8%         N/A       24%         3
 Kindle Blastsparks       Fire/Tloc/Air  2%         2d10      54%         3
 Summon Lightning Spire   Summ/Air       8%         N/A       63%         4
 Fulminant Prism          Conj/Hex       0%         3d5       91%         4
 Iskenderun's Mystic Bla  Conj/Tloc      1%         2d3       91%         4
 Lee's Rapid Deconstruct  Erth           0%         3d4*      99%         5


Dungeon Overview and Level Annotations

Branches:
Dungeon (1/15)

Altars:


Innate Abilities, Weirdness & Mutations

You have a beak for a mouth.
You have claws for feet.


Message History

You are very lightly contaminated with residual magic.
Nothing appears to happen.
The jackal bites you.
Casting: Summon Small Mammal (safe; 3% risk of failure)
Confirm with . or Enter, or press ? or * to list all spells.
The jackal closely misses you.
Unknown command.
You hit the jackal but do no damage. Your kick misses the jackal.
The jackal bites you.
Your quokka bites the jackal but does no damage.
The jackal bites you.
You hit the jackal but do no damage. Your kick misses the jackal.
Your peck misses the jackal.
Your quokka barely misses the jackal.
The jackal bites you but does no damage.
You barely miss the jackal. The jackal barely misses you.
Your quokka barely misses the jackal.
You hit the jackal but do no damage. You claw the jackal, but do no damage.
The jackal bites you but does no damage.
Your quokka bites the jackal.
The jackal dies!
Your quokka barely misses the jackal.
The jackal closely misses your quokka.
Your quokka closely misses the jackal.
You swap places.
The jackal bites you. x2
Your magical contamination has completely faded away.
The jackal closely misses you.
You barely miss the jackal. Your peck misses the jackal. The jackal bites you.
Your quokka barely misses the jackal.
You hit the jackal. You claw the jackal, but do no damage.
The jackal is moderately wounded.
The jackal bites you.
* * * LOW HITPOINT WARNING * * *
Your quokka bites the jackal but does no damage.
The jackal bites you.
* * * LOW HITPOINT WARNING * * *
You closely miss the jackal. Your peck misses the jackal.
The jackal is moderately wounded.
Your quokka misses the jackal. The jackal bites you.
* * * LOW HITPOINT WARNING * * *
Your quokka barely misses the jackal.
You swap places.
The jackal bites you.
You die...

..............#....##....#J#
#.#........#...#.###....#.#
#........h.........+....+
###.....##.#.#...###....#
#.r.r..#.#.......######
+...h#####.#....#...# ####.
#.####.#.>.# #. #..hr#.#...#
#. ####@#.#.#.# #h #.#.#...#
#h #...#.#.# #. #####...#
#.#.# #...# ######.#.######
#.............#
#.............#


You could see a jackal (ally target) and a friendly quokka (summoned).

Vanquished Creatures
  A jackal (D:1)
  A rat (D:1)
2 creatures vanquished.

Vanquished Creatures (collateral kills)
  A hobgoblin (D:1)
  A jackal (D:1)
2 creatures vanquished.

Grand Total: 4 creatures vanquished

Notes
Turn   | Place    | Note
-------+----------+-------------------------------------------
     0 | D:1      | Lobster4 the Tengu Summoner began the quest for the Orb.
     0 | D:1      | Reached XP level 1. HP: 10/10 MP: 4/4
   130 | D:1      | Slain by a jackal

Illustrated notes

Levels and vault maps discovered:
D:1:      lemuel_arrival_hallway, layout_basic, shapermc_ecumenical_altar_ellora

Action                   || total
-------------------------++-------
Melee: Unarmed           ||    16
       Kick              ||     5
 Cast: Summon Small Mamm ||     5
 Stab: Distracted        ||     1
Armor: Robe              ||     2
Dodge: Dodged            ||     7

Table legend: (Time is in decaauts)
 A = Elapsed time spent in this place.
 B = Non-inter-level travel time spent in this place.
 C = Inter-level travel time spent in this place.
 D = Time resting spent in this place.
 E = Time spent auto-exploring this place.
 F = Levels seen in this place.
 G = Mean time per level.
                   A        B        C        D        E       F      G
               +--------+--------+--------+--------+--------+-----+--------+
         Total |    130 |    130 |      0 |     16 |     38 |   1 |  130.0 |
       Dungeon |    130 |    130 |      0 |     16 |     38 |   1 |  130.0 |
               +--------+--------+--------+--------+--------+-----+--------+

Top non-repeatable levels by time:
     D:1: 130 daAuts
